 Dungeon Crawl Stone Soup version 0.13-b1-28-gc7b9293 (webtiles) character file.

672 Lilouch the Basher (level 7, -3/74 HPs)
             Began as an Ogre Berserker on Oct 4, 2013.
             Was an Elder of Trog.
             Slain by a green rat (6 damage)
             ... in a sewer.
             The game lasted 00:43:10 (4088 turns).

Lilouch the Basher (Ogre Berserker)                 Turns: 4088, Time: 00:43:10

HP  -3/74        AC  3     Str 25      XL: 7   Next: 20%
MP   6/6         EV 10     Int  6      God: Trog [****..]
Gold 155         SH  0     Dex  9      Spells:  0 memorised,  6 levels left

Res.Fire  : . . .   See Invis. : .   l - +0 flail
Res.Cold  : . . .   Warding    : .   b - +0 animal skin
Life Prot.: . . .   Conserve   : .   (shield restricted)
Res.Poison: .       Res.Corr.  : .   (helmet restricted)
Res.Elec. : .       Clarity    : .   (no cloak)
Sust.Abil.: . .     Spirit.Shd : .   (gloves unavailable)
Res.Mut.  : .       Stasis     : .   (boots unavailable)
Res.Rott. : .       Flight     : .   (no amulet)
Saprovore : + . .                    (no ring)
                                     (no ring)

@: slightly resistant to hostile enchantments, very unstealthy
A: unfitting armour, fast metabolism 1, saprovore 1, tough skin 1
a: Burn Spellbooks, Berserk, Trog's Hand, Brothers in Arms, Renounce Religion


You were in a sewer.
You worshipped Trog.
Trog was greatly pleased with you.
You were not hungry.

You visited 1 branch of the dungeon, and saw 4 of its levels.
You also visited: Sewer.

You collected 135 gold pieces.

Inventory:

Hand weapons
 a - a +0,+0 mace
 j - a +0,+2 dagger of venom (quivered)
 l - a +0,+0 flail (weapon)
 E - a +0,+0 bow
 I - a +2,+0 sling
 L - a cursed -1,-1 great sword
Missiles
 d - 64 arrows
 r - 28 darts
 t - 71 stones
 y - 20 sling bullets
 A - 18 poisoned needles
 C - 13 arrows of frost
Armour
 b - a +0 animal skin (worn)
 g - a +0 centaur barding
 w - a +0 animal skin
Magical devices
 o - a wand of heal wounds (6) {unknown}
 D - a wand of paralysis (14)
Comestibles
 c - 4 meat rations
 s - 2 bread rations
 v - a choko
 z - 4 strawberries
 B - a chunk of bat flesh
 J - a honeycomb
Scrolls
 f - a scroll of curse jewellery {unknown}
 i - 2 scrolls of teleportation {unknown}
 k - 5 scrolls of identify {unknown}
 n - a scroll of curse armour {unknown}
 u - a scroll of noise {unknown}
 F - a scroll of recharging {unknown}
 K - a scroll of fear {unknown}
Potions
 e - 3 potions of might {unknown}
 h - 2 potions of heal wounds {unknown}
 m - a potion of confusion {unknown}
 p - a potion of magic {unknown}
 q - 2 potions of poison {unknown}
 x - a potion of curing {unknown}
 G - a potion of speed {unknown}


   Skills:
 + Level 7.0 Fighting
 + Level 8.6 Maces & Flails
 - Level 3.1 Dodging


You had 6 spell levels left.
You didn't know any spells.

Dungeon Overview and Level Annotations

Branches:
Dungeon (4/27)
 Temple: D:4-7

Altars:
Fedhas
Okawaru
Zin


Innate Abilities, Weirdness & Mutations

You are too large for most types of armour.
You have a fast metabolism.
You can tolerate rotten meat.
You have tough skin (AC +1).


Message History

The grey rat closely misses you.
You hit the grey rat but do no damage.
The grey rat is moderately wounded.
You hit the green rat.
The green rat is lightly wounded.
You closely miss the green rat.
The green rat is lightly wounded.
The green rat bites you.
* * * LOW HITPOINT WARNING * * *
You hit the green rat but do no damage.
The green rat is lightly wounded.
The green rat barely misses you.
You hit the green rat.
The green rat is moderately wounded.
The green rat bites you!
* * * LOW HITPOINT WARNING * * *
You hit the green rat.
The green rat is heavily wounded.
The green rat bites you.
You die... ################# ≈≈≈....%@rr∩....# #################

You could see a green rat and a grey rat.

Vanquished Creatures
  The ghost of Zurvan the Cudgeler, an average MiBe of Trog (D:3)
  A centaur (D:3)
  A centaur zombie (D:4)
  A water moccasin skeleton (D:4)
  A worker ant (D:4)
  Jessica (D:2)
  A hound zombie (D:4)
  Terence (D:2)
  5 adders
  3 worms
  2 grey rats
  5 giant geckos
  4 orcs (D:3)
  2 ball pythons (D:4)
  11 goblins
  11 hobgoblins
  12 jackals
  13 bats
  3 giant cockroaches
  2 giant newts
  8 kobolds
  A kobold zombie (D:4)
  13 rats
103 creatures vanquished.

Notes
Turn   | Place    | Note
--------------------------------------------------------------
     0 | D:1      | Lilouch, the Ogre Berserker, began the quest for the Orb.
     0 | D:1      | Reached XP level 1. HP: 23/23 MP: 0/0
    63 | D:1      | Reached XP level 2. HP: 19/32 MP: 1/1
   148 | D:1      | HP: 1/32 [poisoned by a goblin]
   764 | D:1      | Acquired Trog's second power
   768 | D:1      | Reached XP level 3. HP: 37/39 MP: 2/2
  1220 | D:2      | Reached skill level 5 in Maces & Flails
  1256 | D:2      | Reached skill level 5 in Fighting
  1467 | D:2      | Reached XP level 4. HP: 44/48 MP: 3/3
  1597 | D:2      | Found a glowing silver altar of Zin.
  1640 | D:2      | Noticed Terence
  1657 | D:2      | Killed Terence
  1671 | D:2      | HP: 3/72 [rat (2)]
  2073 | D:2      | Noticed Jessica
  2087 | D:2      | Killed Jessica
  2315 | D:3      | Noticed Zurvan's ghost (average MiBe)
  2322 | D:2      | Reached skill level 6 in Maces & Flails
  2322 | D:2      | Reached XP level 5. HP: 37/55 MP: 4/4
  2633 | D:2      | Found an iron altar of Okawaru.
  2655 | D:3      | Found a blossoming altar of Fedhas.
  2657 | D:3      | Noticed a centaur
  2801 | D:3      | Paralysed by a kobold for 7 turns
  2834 | D:3      | Killed a centaur
  3020 | D:3      | Reached skill level 7 in Maces & Flails
  3036 | D:3      | Reached XP level 6. HP: 65/65 MP: 5/5
  3286 | D:3      | Killed Zurvan's ghost
  3356 | D:3      | Reached skill level 8 in Maces & Flails
  3383 | D:3      | Acquired Trog's third power
  3814 | D:4      | Reached XP level 7. HP: 29/72 MP: 6/6
  4045 | D:4      | Found a glowing drain.
  4073 | Sewer    | Entered a sewer
  4087 | Sewer    | HP: 3/74 [green rat (10)]
  4088 | Sewer    | Slain by a green rat

Action                   |  1- 3 |  4- 6 |  7- 9 || total
-------------------------+-------+-------+-------++-------
Melee: Mace              |   139 |    27 |       ||   166
       Flail             |       |   156 |    51 ||   207
Invok: Berserk           |     1 |     4 |       ||     5
 Stab: Sleeping          |       |     2 |       ||     2
